AoeStats
← gabrielaA23

Black Forest

506478671Analyzed
2v2 RM · 20d ago on Sep 13, 2026· 46m 43s· 4 players
Game mode
Random Map
Map size
Medium (4 player)
Population
200
Speed
Normal
Resources
Standard
Victory
Conquest
Starting age
Dark Age
Ending age
Imperial Age
RankedLock teamsTeams togetherTeam positionsShared explorationLock speedFull tech treeHidden civsTurbo modeCheats
Victory
Defeat
🇫🇷 Franks · France
786
+17
🇫🇷 Spanish · France
748
+18
🇦🇷 Teutons · Argentina
949
-81
🇦🇷 Turks · Argentina
646
-20
__yoshimitsu__
0:42 Loom
13:37 Feudal Age
14:59 Wheelbarrow
14:46 Double-Bit Axe
14:44 Horse Collar
16:39 Gold Mining
22:30 Castle Age
20:35 Stone Mining
23:29 Hand Cart
23:29 Bow Saw
23:22 Heavy Plow
28:08 Caravan
29:08 Stone Shaft Mining
30:51 Fortified Wall
30:37 Murder Holes
30:52 Masonry
36:20 Imperial Age
34:14 Ballistics
34:13 Forging
36:40 Bloodlines
36:30 Husbandry
38:04 Chemistry
37:35 Architecture
37:28 Conscription
37:25 Cavalier
39:54 Two-Man Saw
39:33 Iron Casting
39:04 Scale Barding Armor
38:49 Paladin
42:15 Bombard Tower
42:59 Blast Furnace
42:20 Chain Barding Armor
42:35 Coinage
Xhour
0:30 Loom
12:36 Feudal Age
13:20 Double-Bit Axe
14:53 Wheelbarrow
14:33 Town Watch
16:06 Gold Mining
16:11 Stone Mining
22:11 Castle Age
21:11 Padded Archer Armor
21:04 Fletching
23:04 Bow Saw
24:10 Gold Shaft Mining
25:35 Town Patrol
26:15 Hand Cart
26:06 Crossbowman
27:12 Caravan
34:25 Imperial Age
32:25 Masonry
33:45 Guard Tower
34:55 Scale Barding Armor
34:50 Scale Mail Armor
35:01 Forging
36:07 Chemistry
35:29 Conscription
36:00 Siege Engineers
37:09 Hoardings
36:52 Leather Archer Armor
37:35 Fortified Wall
37:21 Murder Holes
37:31 Husbandry
36:53 Light Cavalry
37:34 Cavalier
38:42 Chain Mail Armor
38:42 Bodkin Arrow
39:37 Iron Casting
40:26 Chain Barding Armor
40:36 Plate Mail Armor
40:28 Paladin
42:11 Plate Barding Armor
42:48 Blast Furnace
42:14 Ballistics
41:58 Chivalry
45:53 #83
gabrielaA23
13:05 Feudal Age
20:08 Castle Age
18:28 Double-Bit Axe
18:29 Horse Collar
19:22 Stone Mining
20:16 Gold Mining
23:28 Bow Saw
25:59 Gold Shaft Mining
26:05 Heavy Plow
28:04 Caravan
28:34 Coinage
33:20 Imperial Age
31:54 Scale Mail Armor
31:45 Fletching
32:05 Forging
31:40 Treadmill Crane
32:23 Ballistics
35:06 Two-Man Saw
34:49 Wheelbarrow
34:00 Town Watch
34:36 Chain Mail Armor
34:21 Padded Archer Armor
34:17 Bodkin Arrow
36:16 Banking
35:56 Guilds
36:50 Leather Archer Armor
36:36 Bracer
37:20 Elite Janissary
41:11 Hand Cart
40:57 Town Patrol
41:40 Plate Mail Armor
41:41 Ring Archer Armor
41:12 Bracer
41:47 Iron Casting
42:06 Iron Casting
chemadc5965
13:10 Feudal Age
15:57 Double-Bit Axe
16:04 Gold Mining
24:33 Castle Age
22:38 Stone Mining
24:42 Wheelbarrow
31:24 Imperial Age
30:20 Hand Cart
30:23 Bow Saw
30:52 Pikeman
35:39 Two-Man Saw
38:41 Scale Mail Armor
40:46 Chemistry
Connection lost

Rejoining the realm…

Still unreachable

The connection could not be restored.

Session expired

The server has moved on; the page needs a fresh start.